Map: Disco Bloodbath LE

Players

SortOf

  • Race: Zerg Zerg
  • League: Master
  • Spawn Location: 9:00

lIIllllIIlll (INnoVation) - Winner!

  • Race: Terran Terran
  • League: Master
  • Spawn Location: 3:00

Event: HomeStory Cup XX

VOD

Have the link to the VOD?

Description

Time

  • Played on: Nov. 21, 2019, 3:36 p.m.
  • Length: 13:34

All games in this series

Show
View Real Time Build Order
Export as new Build Order

SortOf Zerg 

Build Orders: Hatch First, Lurkers 

Get SALT Encoding   

  12  0:01  Drone  
  13  0:13  Overlord  
  13  0:16  Drone  
  14  0:31  Drone x2  
  16  0:48  Hatchery  
  15  0:51  Drone  
  15  0:55  Drone  
  17  0:58  Drone  
  18  1:09  Extractor  
  17  1:13  Spawning Pool  
  17  1:16  Drone  
  17  1:20  Drone  
  18  1:29  Drone  
  19  1:39  Drone  
  20  1:50  Drone  
  21  2:00  Queen x2  
  25  2:01  Zergling x4  
  27  2:17  Hatchery  
  27  2:20  Drone  
  27  2:22  Overlord  
  27  2:27  Metabolic Boost  
  27  2:30  Drone  
  28  2:41  Zergling x2  
  29  2:46  Queen  
  29  2:47  Drone x2  
  29  2:50  Overlord  
  33  2:55  Drone x2  
  35  3:11  Drone  
  35  3:12  Drone  
  37  3:16  Queen  
  37  3:17  Overlord  
  37  3:18  Drone x3  
  42  3:20  Drone  
  42  3:26  Drone  
  44  3:28  Overlord  
  44  3:32  Queen  
  46  3:35  Drone  
  46  3:38  Drone x2  
  49  3:43  Zergling x2  
  49  3:48  Overlord  
  50  3:49  Drone  
  50  3:53  Drone x2  
  50  3:54  Overlord  
  53  3:56  Drone x2  
  53  3:59  Drone  
  56  4:02  Lair  
  56  4:08  Queen  
  56  4:09  Drone  
  59  4:12  Drone  
  59  4:16  Zergling x8  
  64  4:19  Drone  
  64  4:24  Drone, Overlord  
  65  4:26  Drone  
  65  4:27  Drone x2  
  65  4:30  Baneling Nest  
  68  4:34  Extractor  
  68  4:35  Drone  
  68  4:36  Queen  
  70  4:41  Overlord  
  70  4:44  Drone  
  70  4:45  Spore Crawler  
  70  4:46  Spore Crawler  
  70  4:47  Spore Crawler, Drone  
  70  4:50  Drone x3  
  72  4:53  Drone  
  72  4:57  Drone x2  
  75  5:01  Overseer  
  75  5:06  Drone  
  75  5:08  Drone  
  75  5:09  Drone  
  75  5:10  Drone x2  
  75  5:11  Extractor, Drone x2  
  75  5:12  Extractor, Drone  
  75  5:13  Drone  
  81  5:14  Extractor  
  81  5:15  Extractor  
  81  5:16  Drone  
  81  5:19  Centrifical Hooks  
  80  5:21  Overlord  
  80  5:23  Drone  
  80  5:24  Drone x3  
  80  5:26  Overlord  
  84  5:32  Baneling  
  84  5:34  Overlord  
  86  5:35  Drone x2  
  86  5:36  Evolution Chamber x2  
  86  5:41  Drone x3  
  87  5:49  Drone x2  
  87  5:52  Drone  
  87  5:57  Drone x3  
  87  6:03  Drone x10, Hydralisk Den  
  96  6:10  Hatchery  
  95  6:14  Zergling x6  
  95  6:16  Zergling x2  
  97  6:21  Zerg Melee Weapons Level 1  
  97  6:22  Zerg Ground Armor Level 1  
  96  6:28  Zergling x2  
  96  6:29  Zergling x4  
  96  6:30  Baneling x5  
  99  6:33  Extractor  
  99  6:38  Zergling x16  
  106  6:47  Muscular Augments, Hydralisk x2, Overlord  
  106  6:53  Drone x2  
  112  6:58  Hydralisk  
  114  7:06  Zergling x4  
  115  7:10  Baneling x3  
  115  7:11  Zergling x14  
  119  7:16  Hydralisk  
  119  7:21  Overlord  
  121  7:23  Infestation Pit, Overlord  
  121  7:29  Overlord  
  120  7:30  Baneling  
  120  7:31  Baneling  
  120  7:35  Overlord  
  120  7:40  Drone x4, Overlord  
  120  7:41  Drone x3  
  127  7:48  Lurker Den  
  126  7:52  Hydralisk x5  
  126  7:54  Overseer  
  126  7:56  Overseer, Baneling  
  126  7:57  Baneling x2  
  136  8:04  Zergling x2, Hydralisk x2  
  136  8:05  Zergling x18  
  150  8:06  Baneling x12  
  150  8:07  Baneling x5  
  140  8:13  Zergling x4  
  142  8:22  Zergling x10, Hydralisk  
  142  8:26  Zerg Ground Armor Level 2, Zerg Melee Weapons Level 2  
  145  8:29  Baneling  
  145  8:32  Zergling x2, Hydralisk x2  
  145  8:33  Zergling x14  
  157  8:36  Extractor x2  
  157  8:39  Baneling  
  155  8:41  Overlord  
  155  8:47  Drone x3  
  155  8:48  Drone  
  159  8:51  Hive  
  159  8:54  Overlord  
  159  8:59  Overlord  
  157  9:06  Lurker x3  
  160  9:11  Zergling x6  
  160  9:12  Zergling x16  
  162  9:18  Hatchery  
  153  9:29  Lurker  
  149  9:31  Zergling x34  
  166  9:40  Lurker x3  
  166  9:41  Lurker  
  170  9:48  Overlord  
  170  9:49  Spore Crawler, Hydralisk x6  
  179  9:54  Overlord  
  178  10:03  Hydralisk x3  
  177  10:16  Hydralisk  
  177  10:17  Zergling x28  
  177  10:19  Seismic Spines  
  193  10:34  Zergling x2  
  190  10:39  Zergling x6, Hydralisk x2  
  190  10:40  Zergling x4  
  192  10:55  Zergling x10  
  197  11:03  Viper  
  197  11:04  Viper  
  192  11:06  Zergling x4  
  181  11:14  Hydralisk x2  
  181  11:17  Zergling x2  
  181  11:18  Zergling x4  
  180  11:24  Zergling x2, Hydralisk x2  
  172  11:31  Zergling x6, Hydralisk x2  
  172  11:32  Zergling x4  
  165  11:38  Zergling x2, Hydralisk  
  164  11:46  Overlord  
  161  11:51  Zergling x6  
  161  11:52  Adaptive Talons  
  161  11:58  Hydralisk  
  161  11:59  Zergling x6  
  161  12:01  Baneling x6  
  155  12:14  Zergling x8  
  142  12:24  Zergling x4  
  142  12:25  Zergling x18  
  151  12:32  Zergling x6  
  151  12:35  Zergling x8  
  153  12:39  Extractor  
  153  12:41  Extractor  
  130  12:47  Zergling x4  
  130  12:49  Zergling x6, Hydralisk  
  98  12:51  Hydralisk x2  
  98  12:56  Baneling x8  
  98  12:57  Zergling x2  
  91  13:00  Hydralisk x6  
  91  13:01  Zergling x2, Hydralisk  
  105  13:07  Hydralisk  
  105  13:25  Hatchery  
Show
View Real Time Build Order
Export as new Build Order

lIIllllIIlll Terran - Winner!

Build Orders: Reaper Expand, Hellion Banshee 

Get SALT Encoding   

  12  0:00  SCV  
  13  0:12  SCV  
  14  0:17  Supply Depot  
  14  0:24  SCV  
  15  0:38  SCV  
  15  0:40  Barracks  
  16  0:43  Refinery  
  16  0:50  SCV  
  17  1:02  SCV  
  18  1:15  SCV  
  19  1:27  Orbital Command, Reaper  
  20  1:40  Command Center  
  20  1:50  Supply Depot  
  20  1:52  SCV  
  21  1:59  Marine  
  22  2:04  SCV  
  23  2:08  Factory  
  23  2:15  Refinery  
  23  2:16  SCV  
  23  2:21  Barracks Reactor  
  24  2:28  SCV  
  25  2:41  SCV  
  26  2:52  Starport  
  26  2:53  Orbital Command  
  26  2:54  SCV  
  27  3:00  Hellion x2  
  27  3:02  Barracks Tech Lab  
  31  3:06  SCV  
  32  3:18  SCV  
  33  3:20  SCV  
  33  3:21  Hellion x2  
  33  3:26  Supply Depot  
  38  3:28  Marine  
  38  3:33  SCV x2  
  38  3:34  Cloaking Field  
  41  3:37  Banshee  
  44  3:46  Barracks Tech Lab, SCV x2  
  46  3:51  Supply Depot  
  46  3:52  Hellion  
  46  3:54  Hellion  
  49  3:59  SCV x2  
  51  4:06  Stimpack  
  51  4:11  SCV x2  
  53  4:17  Command Center  
  53  4:22  Banshee  
  57  4:25  SCV x2  
  57  4:28  Supply Depot  
  57  4:30  Factory Reactor  
  58  4:37  SCV  
  58  4:38  SCV  
  60  4:40  Barracks  
  60  4:42  Barracks  
  60  4:45  Marine  
  61  4:50  SCV x2  
  63  4:54  Supply Depot  
  63  5:01  Engineering Bay  
  63  5:02  Marine, Engineering Bay, SCV x2  
  66  5:12  Refinery x2  
  66  5:14  SCV x2  
  66  5:16  Starport Reactor, Siege Tank  
  66  5:20  Marine  
  72  5:26  SCV x2  
  72  5:28  Marine x2  
  75  5:30  Orbital Command  
  75  5:32  Terran Infantry Weapons Level 1, Terran Infantry Armor Level 1  
  75  5:34  Marine x2  
  78  5:40  SCV  
  78  5:41  SCV  
  78  5:42  Supply Depot  
  80  5:48  Marine x3  
  83  5:52  Marine x2, Medivac  
  83  5:53  SCV x2  
  83  5:56  Medivac  
  91  5:58  Orbital Command  
  91  6:01  Supply Depot  
  91  6:04  Combat Shield  
  91  6:05  SCV x2  
  91  6:09  Supply Depot  
  91  6:10  Marine x3  
  96  6:17  SCV x2  
  96  6:18  Siege Tank  
  101  6:23  SCV  
  102  6:29  Supply Depot  
  102  6:30  Armory  
  102  6:34  Supply Depot, SCV x2  
  102  6:35  SCV  
  105  6:42  Barracks  
  105  6:43  Barracks  
  105  6:46  Marine x2  
  105  6:47  Marine x3  
  107  6:50  SCV x3  
  107  6:52  Siege Tank  
  116  7:01  Refinery  
  116  7:02  Refinery  
  116  7:04  Marine x4  
  116  7:05  Marine  
  116  7:06  SCV x3  
  121  7:22  SCV  
  121  7:23  SCV x2  
  121  7:24  Siege Tank  
  121  7:27  Marine x5, Factory  
  131  7:32  Barracks Reactor x2  
  131  7:33  Supply Depot x2  
  131  7:34  Supply Depot  
  131  7:39  Terran Infantry Weapons Level 2, Terran Infantry Armor Level 2  
  131  7:45  Marine, SCV  
  133  7:52  Supply Depot  
  133  7:53  Supply Depot  
  133  7:54  Marine x4, Medivac x2  
  133  7:55  SCV  
  133  7:58  Supply Depot  
  142  7:59  Terran Vehicle And Ship Armor Level 1  
  142  8:03  Marine  
  143  8:06  Siege Tank  
  143  8:12  Marine x2  
  145  8:15  Marine x6  
  151  8:20  Marine  
  151  8:23  Command Center  
  151  8:25  Medivac  
  151  8:27  Medivac  
  151  8:30  Marine  
  154  8:37  Supply Depot  
  154  8:38  Siege Tank  
  157  8:45  Marine, Factory Tech Lab  
  157  8:46  Marine x6  
  164  8:58  Barracks  
  164  9:00  Barracks  
  163  9:03  Barracks  
  163  9:05  Medivac  
  163  9:06  Medivac  
  167  9:10  Siege Tank  
  167  9:12  Siege Tank  
  167  9:15  Marine x3, Marauder  
  167  9:16  Marine  
  172  9:29  Marine x4  
  172  9:31  SCV x3  
  166  9:33  Marine  
  166  9:36  Planetary Fortress  
  166  9:37  Marauder  
  82  9:38  Medivac x2  
  170  9:42  Siege Tank  
  175  9:53  Marine, Barracks Tech Lab x3  
  175  9:56  Siege Tank  
  175  9:58  Marauder  
  175  9:59  SCV x2  
  184  10:00  SCV  
  184  10:04  Marine  
  184  10:05  Marine x5  
  190  10:12  Terran Vehicle And Ship Armor Level 2  
  190  10:14  Siege Tank  
  190  10:15  Refinery  
  190  10:16  Refinery  
  190  10:17  Marauder  
  190  10:18  Marauder x2  
  196  10:33  Terran Infantry Armor Level 3  
  196  10:34  Terran Infantry Weapons Level 3  
  196  10:35  Marine x2, Marauder  
  200  10:39  Marauder  
  198  10:49  Marauder x2  
  200  10:58  Starport x2  
  200  11:01  Fusion Core  
  200  11:02  Command Center  
  179  11:12  Marauder x4, Marine x2  
  179  11:13  Marine x6  
  162  11:27  Medivac x2  
  162  11:30  Marine x2  
  161  11:33  Marauder  
  161  11:34  SCV x2  
  161  11:35  SCV  
  166  11:46  Command Center  
  166  11:48  SCV x2  
  167  12:00  Siege Tank  
  167  12:01  Siege Tank  
  166  12:19  Marauder  
  166  12:20  Marauder x2  
  157  12:27  Marine  
  158  12:35  Marauder  
  160  12:37  Marine x7  
  160  12:38  SCV x3  
  160  12:41  Marauder x2  
  167  12:50  SCV x2  
  160  12:52  SCV  
  160  12:55  Starport Reactor  
  160  12:56  Starport Reactor  
  160  12:57  Marauder, Marine  
  160  12:58  Marauder, Marine  
  163  12:59  Marine  
  163  13:02  Marauder x2, SCV  
  163  13:03  SCV  
Tags
 
Add a new tag
Caveats
  • Supply blocks, unpowered buildings, or Contaminate may cause inaccurate times.
  • Supply counts are checked every 10 seconds.